 Dungeon Crawl Stone Soup version 0.32-a0-961-gd60f5e5fc7 (webtiles) character file.

Game seed: 1199810546721624657

71 ezpacito the Chopper (level 4, 0/35 HPs)
             Began as a Coglin Chaos Knight on Apr 18, 2024.
             Was a Plaything of Xom.
             Slain by Grinder (7 damage)
             ... on level 3 of the Dungeon.
             The game lasted 00:01:34 (1528 turns).

ezpacito the Chopper (Coglin Chaos Knight)          Turns: 1528, Time: 00:01:35

Health: 0/35       AC:  5    Str: 14    XL:     4   Next: 24%
Magic:  4/4        EV: 10    Int: 12    God:    Xom [..*...]
Gold:   107        SH:  0    Dex: 13    Spells: 4/4 levels left

rFire   . . .        a - +0 hand axe (chaos) {Yume}
rCold   . . .        d - +1 short sword (elec) {Zorawar}
rNeg    . . .        b - +2 leather armour
rPois   .            (no helmet)
rElec   .            g - scarf {harm}
rCorr   .            (no gloves)
SInv    .            (no boots)
Will    .....        (amulet unavailable)
Stlth   +            (ring unavailable)
HPRegen 0.25/turn    (ring unavailable)
MPRegen 0.09/turn    (no gizmo)

%: harm (+30% outgoing, +20% incoming)
@: brilliant, attractive, revving
A: off-hand wielding, slow wielding, warmup strikes, no jewellery
a: Invent Gizmo, Renounce Religion


You were on level 3 of the Dungeon.
You worshipped Xom.
You were a toy of Xom.
You visited 1 branch of the dungeon, and saw 3 of its levels.

You collected 107 gold pieces.

Inventory:

Hand Weapons
 a - a +0 hand axe of chaos (weapon) {Yume}
 d - a +1 short sword of electrocution (offhand) {Zorawar}
 n - a +0 sling
Armour
 b - a +2 leather armour (worn)
 g - a scarf of harm (worn)
Scrolls
 c - a scroll of butterflies
 e - a scroll of noise {unknown}
 f - a scroll of poison {unknown}
 h - 2 scrolls of amnesia {unknown}
 j - 2 scrolls of teleportation {unknown}
 k - a scroll of identify {unknown}
Potions
 l - a potion of attraction


   Skills:
 * Level 3.4 Fighting
 * Level 3.4(3.5) Axes
 * Level 0.9(2.1) Polearms
 * Level 2.3 Armour
 * Level 1.5 Dodging
 + Level 0.5 Stealth
 + Level 0.5 Spellcasting


You had 4 spell levels left.
You didn't know any spells.
Your spell library was empty.

Dungeon Overview and Level Annotations

Branches:
Dungeon (3/15)

Altars:

Annotations:
D:3 Grinder


Innate Abilities, Weirdness & Mutations

You can wield a second weapon in your off-hand.
It takes a long time for you to wield or remove held weapons.
Your first few attacks do less damage.
You cannot equip rings or amulets.


Message History

You detect items!
A rat comes into view.
The rat bites you but does no damage. Grinder hits you!
The rat is attracted toward you.
You take 8 damage, and have 11/35 hp.
MASSIVE DAMAGE!!
The rat attacks as it pursues you! The rat bites you but does no damage.
The rat is attracted toward you.
Okay, then.
It was a potion of curing.
You feel better. The rat bites you but does no damage.
A rat comes into view.
The rat is attracted toward you.
You regained 8 hp, and now have 19/35 hp.
The rat squeaks loudly. x2
You hit the rat with your +0 hand axe of chaos.
The rat appears confused.
The rat is moderately wounded.
You hit the rat with your +1 short sword of electrocution.
You kill the rat!
You hear a shout!
You hit the rat but do no damage.
The rat is poisoned.
You hit the rat with your +1 short sword of electrocution.
You kill the rat!
You hit the rat with your +1 short sword of electrocution.
You kill the rat!
Grinder gestures at you.
You suddenly lose the ability to move!
Grinder is attracted toward you. Grinder gestures at you.
You resist with significant effort. Grinder hits you.
You writhe in agony.
You can move again.
You take 5 damage, and have 15/35 hp.
It was a potion of brilliance.
You feel clever all of a sudden. Grinder hits you!
* * * LOW HITPOINT WARNING * * *
You writhe in agony.
You die...
Grinder says, "Now the real fun starts!"
Xom chortles!

§........
.......
....... ∆.....
.. #...#
#..##...#
#.......# #5#
#@# #.## #..#
##.# #.# ∆ #.#
###†####### .
#.........#
..##........<#


You could see Grinder.

Vanquished Creatures
  4 adders
  A dart slug (D:1)
  A ribbon worm (D:2)
  3 bats
  5 endoplasms
  A giant cockroach (D:1)
  2 goblins
  A hobgoblin (D:1)
  2 jackals (D:1)
  2 kobolds (D:1)
  2 ball pythons
  4 frilled lizards
  4 rats
32 creatures vanquished.

Notes
Turn   | Place    | Note
-------+----------+-------------------------------------------
     0 | D:1      | ezpacito the Coglin Chaos Knight began the quest for the
                  | Orb.
     0 | D:1      | Reached XP level 1. HP: 18/18 MP: 1/1
   117 | D:1      | Reached skill level 1 in Dodging
   206 | D:1      | Reached XP level 2. HP: 17/24 MP: 2/2
   852 | D:1      | XOM: silly message
   980 | D:2      | XOM: silly message
  1140 | D:2      | Reached XP level 3. HP: 29/29 MP: 3/3
  1396 | D:2      | Reached XP level 4. HP: 32/35 MP: 4/4
  1516 | D:3      | Noticed Grinder
  1520 | D:3      | XOM: divination: detect items
  1525 | D:3      | Paralysed by Grinder for 3 turns
  1528 | D:3      | Slain by Grinder

Illustrated notes

Levels and vault maps discovered:
D:1:      dpeg_arrival_long_road, layout_loops_corners, minmay_quantized
D:2:      layout_basic
D:3:      layout_rooms, minmay_overflow_temple_hex, minmay_unequal, uniq_ijyb,
          uniq_terence, uniq_grinder

Skill      XL: |  1  2 |
---------------+-------+-----
Dodging        | 1 |  1.5
Armour         | 2 |  2.3
Fighting       | |  3.4
Axes           | |  3.4
Polearms       | |  0.9
Stealth        | |  0.5
Spellcasting   | |  0.5

Action                     |  1- 3 |  4- 6 || total
---------------------------+-------+-------++-------
  Melee: Hand axe          |    42 |     7 ||    49
         Dagger            |    15 |       ||    15
         Short sword       |    18 |     8 ||    26
    Use: Potion            |       |     3 ||     3
   Stab: Sleeping          |     1 |       ||     1
 Armour: Leather armour    |    23 |    13 ||    36
  Dodge: Dodged            |    13 |     8 ||    21

Table legend: (Time is in decaauts)
 A = Elapsed time spent in this place.
 B = Non-inter-level travel time spent in this place.
 C = Inter-level travel time spent in this place.
 D = Time resting spent in this place.
 E = Time spent auto-exploring this place.
 F = Levels seen in this place.
 G = Mean time per level.
                   A        B        C        D        E       F      G
               +--------+--------+--------+--------+--------+-----+--------+
         Total |   1531 |   1432 |     99 |      0 |   1232 |   3 |  510.3 |
       Dungeon |   1531 |   1432 |     99 |      0 |   1232 |   3 |  510.3 |
               +--------+--------+--------+--------+--------+-----+--------+

Top non-repeatable levels by time:
     D:1: 981 daAuts
     D:2: 513 daAuts
     D:3: 36 daAuts
